 Dungeon Crawl Stone Soup version 0.26.1-11-gd32895ea62 (webtiles) character file.

Game seed: 12820537452676620385

66 Zeld the Chucker (level 3, -2/35 HPs)
             Began as a Troll Hunter on June 7, 2021.
             Slain by Sigmund
             ... wielding a +0 scythe
              (17 damage)
             ... on level 2 of the Dungeon.
             The game lasted 00:04:17 (1499 turns).

Zeld the Chucker (Troll Hunter)                     Turns: 1499, Time: 00:04:18

Health: -2/35      AC:  6    Str: 21    XL:     3   Next: 96%
Magic:  2/2        EV: 10    Int:  7    God:
Gold:   130        SH:  0    Dex: 10    Spells: 2/2 levels left

rFire    . . .     SeeInvis .   (no weapon)
rCold    . . .     Faith    .   (no shield)
rNeg     . . .     Spirit   .   b - +0 robe
rPois    .         Reflect  .   (helmet restricted)
rElec    .         Harm     .   (no cloak)
rCorr    .         Rampage  .   (gloves unavailable)
Will     .....                  (boots unavailable)
Stlth    +.........             (no amulet)
HPRegen  0.51/turn              (no ring)
MPRegen  0.08/turn              (no ring)

@: confused
A: large, unfitting armour, claws 3, regeneration 1, shaggy fur 1, tough skin 3
a: no special abilities


You were on level 2 of the Dungeon.
You visited 1 branch of the dungeon, and saw 2 of its levels.

You collected 130 gold pieces.

Inventory:

Missiles
 c - 5 large rocks
 d - a throwing net
 f - 6 poisoned darts (quivered)
Armour
 b - a +0 robe (worn)
Scrolls
 e - 4 scrolls of identify {unknown}
 h - a scroll of blinking {unknown}
 j - a scroll of amnesia {unknown}
 k - a scroll of magic mapping {unknown}
 l - a scroll of immolation {unknown}
 n - a scroll of remove curse {unknown}
 o - 2 scrolls of teleportation {unknown}
 p - a scroll of fog {unknown}
 q - 2 scrolls of enchant weapon {unknown}
 s - a scroll of enchant armour {unknown}
 w - a scroll of noise {unknown}
Potions
 g - a potion of heal wounds {unknown}
 i - 4 potions of curing {unknown}
 m - a potion of cancellation {unknown}
 r - a potion of haste {unknown}
 t - a potion of lignification {unknown}
 u - a potion of degeneration {unknown}
 v - a potion of ambrosia {unknown}


   Skills:
 + Level 2.2 Fighting
 * Level 4.4 Throwing
 + Level 2.1 Dodging
 - Level 0.3 Stealth


You had 2 spell levels left.
You didn't know any spells.
Your spell library was empty.

Dungeon Overview and Level Annotations

Branches:
Dungeon (2/15)

Altars:
Sif Muna
Yredelemnul

Annotations:
D:1 1 exclusion
D:2 Sigmund


Innate Abilities, Weirdness & Mutations

You are too large for most types of armour.
You have claws for hands.
Your natural rate of healing is unusually fast.
You are covered in fur. (AC +1)
You have extremely tough skin. (AC +3)


Message History

Sigmund is heavily wounded.
Sigmund casts a spell at himself.
Sigmund flickers and vanishes!
Deactivating autopickup; reactivate with Ctrl-A.
Something wriggles in the net.
You are too injured to fight recklessly!
You scratch something. You scratch something.
Something wriggles in the net.
Something wriggles in the net.
Something wriggles in the net.
All of a sudden the net rips apart!
Something hits you but does no damage.
You see here a kobold corpse.
A magic dart appears from out of thin air!
The magic dart hits you.
You are confused.
A puff of flame appears from out of thin air!
The puff of flame hits you! Something hits you. Something hits you!
You die...

############## #............#
#.##########.# #.# ##.## #.#
##..(## ##.########..(..####
#...........(......#
###########.......##.....##.#
................@...#...###.#
###########........†...## #.#
..#########.#####.#.#### #.#
............# #.#.# #.#
#.#########.# #.############
#.# #.# #............### #.#
#.# #...........)'_#
#########
#######............###
.[......# #...##.############


There were no monsters in sight!

Vanquished Creatures
  An adder (D:2)
  An ooze (D:1)
  2 worms (D:2)
  2 dart slugs
  A leopard gecko (D:2)
  4 bats
  3 giant cockroaches (D:1)
  3 goblins
  6 hobgoblins (D:1)
  4 jackals (D:1)
  3 frilled lizards (D:1)
  2 gnoll zombies (D:2)
  5 kobolds
  3 rats (D:1)
40 creatures vanquished.

Notes
Turn   | Place    | Note
-------+----------+-------------------------------------------
     0 | D:1      | Zeld the Troll Hunter began the quest for the Orb.
     0 | D:1      | Reached XP level 1. HP: 19/19 MP: 0/0
    67 | D:1      | Reached XP level 2. HP: 24/28 MP: 1/1
   137 | D:1      | Reached skill level 4 in Throwing
   312 | D:1      | Reached XP level 3. HP: 21/35 MP: 2/2
  1157 | D:2      | Found a basalt altar of Yredelemnul.
  1358 | D:2      | Found a shimmering blue altar of Sif Muna.
  1423 | D:2      | Noticed Sigmund
  1499 | D:2      | Slain by Sigmund

Illustrated notes

Levels and vault maps discovered:
D:1:      dpeg_arrival_pits, layout_basic, st_stairs_6,
          minmay_misc_feat_encased, minmay_surrounded
D:2:      layout_loops_ring, lemuel_zombie_altar_yredelemnul,
          lemuel_blue_sif_altar, minmay_tromino_i2, uniq_sigmund

Skill      XL: |  1  2  3 |
---------------+----------+-----
Throwing       | 4 |  4.4
Fighting       | 2 |  2.2
Dodging        | 2 |  2.1
Stealth        | |  0.3

Action                   || total
-------------------------++-------
Melee: Short sword       ||   193
       Unarmed           ||     4
Throw: Dart              ||     3
       Throwing net      ||     1
Armor: Robe              ||   106
Dodge: Dodged            ||   131
